 Dungeon Crawl Stone Soup version 0.31-a0-774-g0d66cbabe8 (webtiles) character file.

Game seed: 10750733569684093127

226 AiryTheDragon the Firebug (level 5, -2/36 HPs)
             Began as a Demonspawn Fire Elementalist on Sept 18, 2023.
             Was an Initiate of Hepliaklqana.
             Succumbed to a kobold brigand's curare-tipped dart
             ... in a sewer.
             The game lasted 00:31:55 (2692 turns).

AiryTheDragon the Firebug (DsFE)                    Turns: 2692, Time: 00:31:55

Health: -2/36      AC:  6    Str: 10      XL:     5   Next: 69%
Magic:  2/9        EV: 12    Int: 16 (17) God:    Hepliaklqana [......]
Gold:   152        SH:  0    Dex: 12 (13) Spells: 2/9 levels left

rFire   + . .        d - +0 long sword
rCold   + . .        (no shield)
rNeg    . . .        a - +0 robe
rPois   +            (no helmet)
rElec   +            o - scarf {harm}
rCorr   +            (no gloves)
SInv    .            (no boots)
Will    .....        (no amulet)
Stlth   ++           (no ring)
HPRegen 0.26/turn    (no ring)
MPRegen 0.11/turn

%: harm (+30% outgoing, +20% incoming)
@: lethally poisoned (-2 -> -13), resistant, slowed, very slow
A: claws 1, yellow scales 3
a: Renounce Religion


You were in a sewer.
You worshipped Hepliaklqana.
Hepliaklqana was noncommittal.
You visited 1 branch of the dungeon, and saw 6 of its levels.
You also visited: Sewer.

You collected 152 gold pieces.

Inventory:

Hand Weapons
 c - a +0 spear
 d - a +0 long sword (weapon)
 h - a +0 hand axe
Missiles
 i - 3 boomerangs
 p - a curare-tipped dart
Armour
 a - a +0 robe (worn)
 f - a +0 pair of gloves
 k - a +0 ring mail
 o - a scarf of harm (worn)
Talismans
 l - a blade talisman
Scrolls
 e - 2 scrolls of vulnerability
 g - a scroll of identify
Potions
 b - a potion of magic


   Skills:
 + Level 0.7 Fighting
 + Level 0.2 Long Blades
 + Level 1.0 Polearms
 * Level 1.7 Armour
 + Level 2.2 Dodging
 + Level 2.6 Stealth
 + Level 2.9 Spellcasting
 + Level 1.3 Conjurations
 + Level 3.8 Fire Magic


You had 2 spell levels left.
You knew the following spells:

 Your Spells              Type           Power      Damage    Failure   Level
a - Foxfire               Conj/Fire      40%        2x1d6     7%          1
b - Scorch                Fire           28%        2d6       6%          2
c - Flame Wave            Conj/Fire      10%        2d6       54%         4

Your spell library contained the following spells:

 Spells                   Type           Power      Damage    Failure   Level
 Inner Flame              Hex/Fire       8%         N/A       26%         3
 Volatile Blastmotes      Fire/Tloc      16%        2d11      26%         3
 Vampiric Draining        Necr           2%         2d6       50%         3
 Summon Lightning Spire   Summ/Air       2%         N/A       88%         4


Dungeon Overview and Level Annotations

Branches:
Dungeon (6/15)              Sewer (1/1)
 Temple: D:4-7

Altars:
Hepliaklqana

Shops:
D:3 :


Innate Abilities, Weirdness & Mutations

You have sharp fingernails.
You are completely covered in yellow scales. (AC +4, rCorr)


Message History

The kobold closely misses you. The kobold hits you but does no damage.
Okay, then.
Okay, then.
As you read the scroll of fear, it crumbles to dust.
You assume a fearsome visage.
The kobold brigand looks frightened!
The kobold looks frightened!
You feel very sick.
You feel sick.
You feel sick.
You feel sick.
You feel sick.
You are no longer poisoned.
The kobold throws a stone.
The stone barely misses you.
Casting: Scorch (safe; 6% risk of failure)
Confirm with . or Enter, or press ? or * to list all spells.
Flames lash the kobold.
You kill the kobold!
You feel yourself speed up.
You start resting.
A kobold brigand is nearby!
As you read the scroll of immolation, it crumbles to dust.
The creatures around you are filled with an inner flame!
Casting: Scorch (safe; 6% risk of failure)
Confirm with . or Enter, or press ? or * to list all spells.
Flames lash the kobold brigand.
Flame seeps out of the kobold brigand.
The kobold brigand is lightly wounded.
The kobold brigand's fire resistance burns away.
The kobold brigand is engulfed in blazing flames.
Flame seeps out of the kobold brigand.
The kobold brigand throws a curare-tipped dart.
The curare-tipped dart hits you.
You are poisoned.
You have difficulty breathing.
* * * LOW HITPOINT WARNING * * *
You feel yourself slow down.
Casting: Scorch (safe; 6% risk of failure)
Confirm with . or Enter, or press ? or * to list all spells.
Flames lash the kobold brigand.
The kobold brigand is burned terribly!
The kobold brigand explodes!
You die...

...~≈≈......###∩#
....≈≈......###.#
l...~≈.......#..#
...~≈~.........##
....≈≈~.......##
r..~≈≈~~.....##
...~≈≈≈......##
..~≈≈≈≈......#
~≈≈≈≈≈....@.##
≈≈≈≈≈.§§§#..#
≈≈≈≈≈.§○###†#
≈≈≈≈≈..§###∩#
≈≈≈≈≈....####
≈≈≈≈≈~...##
≈≈≈≈≈~....#
≈≈≈≈≈...†.##
≈≈≈≈≈~.....#


There were no monsters in sight!

Vanquished Creatures
  2 kobold brigands (Sewer)
  A hound (D:5)
  6 adders
  A river rat (Sewer)
  A white imp (D:5)
  A worm (D:2)
  3 dart slugs
  An orc (D:3)
  4 endoplasms
  A giant cockroach (D:3)
  3 goblins
  2 hobgoblins (D:2)
  6 quokkas
  4 ball pythons
  5 bats
  2 frilled lizards (D:3)
  4 kobolds
  7 rats
54 creatures vanquished.

Vanquished Creatures (others)
  27 foxfires
27 creatures vanquished.

Grand Total: 81 creatures vanquished

Notes
Turn   | Place    | Note
-------+----------+-------------------------------------------
     0 | D:1      | AiryTheDragon the Demonspawn Fire Elementalist began the
                  | quest for the Orb.
     0 | D:1      | Reached XP level 1. HP: 13/13 MP: 3/3
   496 | D:1      | Reached skill level 3 in Fire Magic
   496 | D:1      | Gained mutation: You are partially covered in yellow
                  | scales. (AC +2) [demonic ancestry]
   496 | D:1      | Reached XP level 2. HP: 14/19 MP: 5/5
   618 | D:1      | Got a gaudy book
   837 | D:1      | Learned a level 2 spell: Scorch
  1275 | D:2      | Gained mutation: You are mostly covered in yellow scales.
                  | (AC +3) [demonic ancestry]
  1275 | D:2      | Reached XP level 3. HP: 24/24 MP: 0/6
  1841 | D:3      | Reached skill level 1 in Polearms
  1940 | D:3      | Gained mutation: You have sharp fingernails. [demonic
                  | ancestry]
  1940 | D:3      | Reached XP level 4. HP: 31/31 MP: 2/7
  1970 | D:3      | You fall into a shaft and drop 3 floors!
  1975 | D:5      | Entered Level 5 of the Dungeon
  2016 | D:5      | Noticed a phantom
  2021 | D:5      | Found a hazy altar of Hepliaklqana.
  2040 | D:5      | Reached skill level 1 in Armour
  2043 | D:5      | Noticed an orc warrior
  2045 | D:5      | Became a worshipper of Hepliaklqana the Forgotten
  2319 | D:3      | Found Deib Xopp's Book Shop.
  2326 | D:3      | Gained mutation: You are completely covered in yellow
                  | scales. (AC +4, rCorr) [demonic ancestry]
  2326 | D:3      | Reached XP level 5. HP: 36/36 MP: 3/8
  2341 | D:3      | Found a glowing drain.
  2350 | Sewer    | Entered a sewer
  2393 | Sewer    | Learned a level 4 spell: Flame Wave
  2692 | Sewer    | Succumbed to a kobold brigand's curare-tipped dart

Illustrated notes

Levels and vault maps discovered:
D:1:      saegor_arrival_simple_d, layout_loops_corners
D:2:      layout_loops_ring, fountainhead
D:3:      layout_loops_corners, portal_sewer_entry_a, serial_shops, shop
D:4:      layout_rooms
D:5:      layout_cave_pools, nicolae_hepliaklqana_hazy_memory
D:6:      layout_loops_ring, nicolae_overflow_hidden_temple
Sewer:    sewer_minmay_treatment

Skill      XL: |  1  2  3  4 |
---------------+-------------+-----
Fire Magic     | 3 |  3.8
Dodging        | 2 |  2.2
Stealth        | 2 |  2.6
Polearms       | 1 |  1.0
Armour         | 1 |  1.7
Fighting       | |  0.7
Long Blades    | |  0.2
Spellcasting   | |  2.9
Conjurations   | |  1.3

Action                     |  1- 3 |  4- 6 || total
---------------------------+-------+-------++-------
  Melee: Spear             |    74 |    11 ||    85
         Punch             |     2 |       ||     2
         Long sword        |       |    22 ||    22
   Cast: Foxfire           |     9 |     6 ||    15
         Scorch            |    12 |    26 ||    38
    Use: Scroll            |       |     9 ||     9
         Potion            |       |     5 ||     5
   Stab: Sleeping          |     9 |     1 ||    10
 Armour: Robe              |    31 |    29 ||    60
  Dodge: Dodged            |    52 |    52 ||   104

Table legend: (Time is in decaauts)
 A = Elapsed time spent in this place.
 B = Non-inter-level travel time spent in this place.
 C = Inter-level travel time spent in this place.
 D = Time resting spent in this place.
 E = Time spent auto-exploring this place.
 F = Levels seen in this place.
 G = Mean time per level.
                   A        B        C        D        E       F      G
               +--------+--------+--------+--------+--------+-----+--------+
         Total |   2730 |   2610 |    120 |    204 |   1597 |   7 |  390.0 |
       Dungeon |   2374 |   2254 |    120 |     46 |   1513 |   6 |  395.7 |
         Sewer |    356 |    356 |      0 |    158 |     84 |   1 |  356.0 |
               +--------+--------+--------+--------+--------+-----+--------+

Top non-repeatable levels by time:
     D:1: 939 daAuts
     D:2: 891 daAuts
   Sewer: 356 daAuts
     D:3: 354 daAuts
     D:5: 139 daAuts
     D:4: 44 daAuts
     D:6: 4 daAuts
